 Dungeon Crawl Stone Soup version 0.26.1-11-gd32895ea62 (webtiles) character file.

Game seed: 3531903305774664080

77 H0rd4k the Insei (level 4, 0/28 HPs)
             Began as an Octopode Transmuter on July 14, 2021.
             Succumbed to an adder's poison
             ... on level 2 of the Dungeon.
             The game lasted 00:01:49 (1974 turns).

H0rd4k the Insei (Octopode Transmuter)              Turns: 1974, Time: 00:01:50

Health: 0/28       AC:  1    Str:  9    XL:     4   Next: 33%
Magic:  7/7        EV: 14    Int: 16    God:
Gold:   127        SH:  0    Dex: 12    Spells: 3/7 levels left

rFire    . . .     SeeInvis .     - Unarmed
rCold    . . .     Faith    .   (no shield)
rNeg     . . .     Spirit   .   (helmet restricted)
rPois    .         Reflect  .   (no amulet)
rElec    .         Harm     .   (no ring)
rCorr    .         Rampage  .   (no ring)
Will     .....                  (no ring)
Stlth    ++........             (no ring)
HPRegen  0.09/turn              (no ring)
MPRegen  0.10/turn              (no ring)
                                (no ring)
                                (no ring)

@: lethally poisoned (0 -> -2), flying
A: almost no armour, stealthy swim, amphibious, 8 rings, constrict 8, camouflage
1, gelatinous body 1
a: no special abilities


You were on level 2 of the Dungeon.
You visited 1 branch of the dungeon, and saw 3 of its levels.

You collected 127 gold pieces.

Inventory:

Jewellery
 e - a cursed amulet of inaccuracy {unknown}
 f - an uncursed ring of fire {unknown}
Scrolls
 a - a scroll of noise
 c - a scroll of identify
 g - 3 scrolls of teleportation
 l - a scroll of enchant armour


   Skills:
 + Level 1.0 Fighting
 + Level 2.6 Dodging
 - Level 0.4 Stealth
 + Level 4.0 Unarmed Combat
 * Level 2.3 Spellcasting
 * Level 2.4 Transmutations
 * Level 0.6 Poison Magic


You had 3 spell levels left.
You knew the following spells:

 Your Spells              Type           Power        Failure   Level
a - Beastly Appendage     Tmut           18%          8%          1
b - Spider Form           Tmut/Pois      3%           32%         3

Your spell library contained the following spells:

 Spells                   Type           Power        Failure   Level
 Wereblood                Tmut           9%           11%         2
 Ice Form                 Ice/Tmut       5%           77%         4
 Blade Hands              Tmut           4%           90%         5


Dungeon Overview and Level Annotations

Branches:
Dungeon (3/15)

Altars:


Innate Abilities, Weirdness & Mutations

You cannot wear most types of armour.
You are very stealthy in the water. (Stealth+)
You are amphibious.
You can wear up to eight rings at the same time.
You can use your tentacles to constrict eight enemies at once.
Your skin changes colour to match your surroundings (Stealth+).
Your rubbery body absorbs attacks. (AC +1, EV +1)


Message History

It was a scroll of noise.
As you read the scroll labelled BIAKYZU RIMENO, it crumbles to dust.
It is a scroll of identify.
l - a scroll of enchant armour
As you read the scroll labelled PUMYGAMIAH, it crumbles to dust.
The dust glows shimmering rubric!
It was a scroll of random uselessness.
* * * LOW HITPOINT WARNING * * *
You feel sick.
Unknown command.
As you read the scroll labelled ETAUPPYEMET, it crumbles to dust.
You feel strangely unstable.
It was a scroll of teleportation.
As you read the scroll labelled IGRAOM CEGGI, it crumbles to dust.
You feel momentarily disoriented.
It was a scroll of magic mapping.
As you read the scroll labelled WOUNGUI NAQINE, it crumbles to dust.
The air around you briefly surges with heat, but it dissipates.
It was a scroll of immolation.
As you read the scroll labelled VOTRUDOFOG, it crumbles to dust.
You feel blessed for a moment.
It was a scroll of remove curse.
Your surroundings suddenly seem different.
You die...

...####.......#......#.....P♣♣...
...# ####..#............♣.P)....
...# #...............♣P......
...# ##...............♣♣.♣♣...
#### ###...#####.#...####.##....
#......##.....#..).........
#.##.#......###.........###
###.##..#..#.####...........#
##...##......@...............#
#.......)....######...........
####......##...## #####...##..
........####...# #.....#..#
........####...#########.........
...............................##
..†......#####..########.........
.........# ##.# ##.....####
........## ##.#######......#


There were no monsters in sight!

Vanquished Creatures
  3 adders
  2 oozes (D:1)
  A dart slug (D:1)
  2 leopard geckos (D:2)
  2 giant cockroaches
  5 goblins
  3 hobgoblins (D:2)
  5 kobolds
  A quokka (D:2)
  6 bats
  4 frilled lizards
  4 rats
38 creatures vanquished.

Vanquished Creatures (others)
  3 plants (D:2)
3 creatures vanquished.

Grand Total: 41 creatures vanquished

Notes
Turn   | Place    | Note
-------+----------+-------------------------------------------
     0 | D:1      | H0rd4k the Octopode Transmuter began the quest for the Orb.
     0 | D:1      | Reached XP level 1. HP: 13/13 MP: 3/3
   107 | D:1      | Reached XP level 2. HP: 18/18 MP: 5/5
   455 | D:1      | Reached XP level 3. HP: 15/23 MP: 6/6
   459 | D:1      | Learned a level 3 spell: Spider Form
  1932 | D:3      | Reached skill level 4 in Unarmed Combat
  1932 | D:3      | Reached XP level 4. HP: 11/28 MP: 7/7
  1970 | D:2      | HP: 1/28 [poisoned by an adder]
  1974 | D:2      | Succumbed to an adder's poison

Illustrated notes

Levels and vault maps discovered:
D:1:      dpeg_arrival_arbitrary_a, layout_rooms
D:2:      layout_rooms, serial_forest, infiniplex_forest_clump_long,
          infiniplex_forest_clump_cross, infiniplex_forest_pool,
          infiniplex_forest_end_1, infiniplex_forest_straight_3,
          infiniplex_forest_corner_1, infiniplex_forest_lined_3_way
D:3:      layout_loops_ring, nicolae_ru_great_annihilating_truth,
          kennysheep_slug_shrine, hangedman_glass_teeth

Skill      XL: |  1  2  3 |
---------------+----------+-----
Unarmed Combat | 4 |  4.0
Fighting       | |  1.0
Dodging        | |  2.6
Stealth        | |  0.4
Spellcasting   | |  2.3
Transmutations | |  2.4
Poison Magic   | |  0.6

Action                   |  1- 3 |  4- 6 || total
-------------------------+-------+-------++-------
Melee: Unarmed           |    95 |     8 ||   103
       Constrict         |    24 |       ||    24
       Tentacles         |    10 |       ||    10
       Punch             |     2 |       ||     2
 Cast: Spider Form       |       |     1 ||     1
  Use: Scroll            |       |     7 ||     7
       Potion            |       |     3 ||     3
 Stab: Sleeping          |     9 |       ||     9
Armor: Skin              |    12 |     1 ||    13
Dodge: Dodged            |    73 |    14 ||    87
